Cogmind - Beta 15 @@@ ROGUE MODE // 2025.06.02 @ 16:18:02 Player: Nisakard Result: Destroyed by YI-UF0 with YI-UF0's Doublenader Performance ------------- Evolutions (0) 0 Regions Visited (2) 400 Robots Destroyed (30) 150 Value Destroyed (444) 444 Prototype IDs (4) 80 Alien Tech Used (0) 0 Bonus (0) 0 TOTAL SCORE: 1074 Bonus ------- None Cogmind --------- Core Integrity 0/250 Matter 253/300 Energy 100/100 System Corruption 6% Temperature Cool (0) Movement Rolling (200) Ox8 Location -10/Mines Parts ------- > --- POWER (1) -------- (None) > --- PROPULSION (2) --- Wheel > --- UTILITY (2) ------ Huge Storage Unit Improved Terrain Scanner > --- WEAPON (2) ------- Heavy Battle Rifle > --- INVENTORY (25) --- Light Ion Engine Light Ion Engine Light Ion Engine Wheel Wheel Wheel Medium Matter Pod (100) Sensor Array ECM Suite Hacking Suite Assault Rifle Assault Rifle Assault Rifle Assault Rifle Mining Laser Hammer Peak State ------------ > --- POWER ------------ Light Ion Engine > --- PROPULSION ------- Wheel Wheel > --- UTILITY ---------- Huge Storage Unit Improved Terrain Scanner > --- WEAPON ----------- Assault Rifle Heavy Battle Rifle > --- INVENTORY -------- Light Ion Engine Light Ion Engine Light Ion Engine Wheel Wheel Wheel Medium Matter Pod Sensor Array ECM Suite Hacking Suite Assault Rifle Assault Rifle Assault Rifle Grenade Launcher Mining Laser Hammer [Rating: 13] Favorites ----------- Power Light Ion Engine Engine Light Ion Engine Propulsion Wheel Wheel Wheel Utility Sensor Array Device Sensor Array Storage High-capacity Storage Unit Weapon EM Pulse Gun Energy Gun EM Pulse Gun Ballistic Gun Assault Rifle Launcher Grenade Launcher Build | -11 -10 -10 ------- Run | Yrd Mat Min Slots Evolved . | . . . Power . | . . . Propulsion . | . . . Utility . | . . . Weapon . | . . . Parts Attached 20 | 7 11 2 Power 3 | 1 2 . Engine 3 | 1 2 . Core . | . . . Reactor . | . . . Propulsion 4 | 2 2 . Treads . | . . . Leg . | . . . Wheel 4 | 2 2 . Hover . | . . . Flight . | . . . Utility 6 | 2 4 . Device 2 | 1 1 . Storage 4 | 1 3 . Processor . | . . . Hackware . | . . . Protection . | . . . Artifact . | . . . Weapon 7 | 2 3 2 Energy Gun 3 | 2 1 . Energy Cannon . | . . . Ballistic Gun 3 | . 2 1 Ballistic Cannon . | . . . Launcher 1 | . . 1 Special Weapon . | . . . Impact Weapon . | . . . Slashing Weapon . | . . . Piercing Weapon . | . . . Special Melee Weapon . | . . . Unidentified Prototypes . | . . . Parts Lost 4 | . 1 3 Power 1 | . . 1 Propulsion 1 | . . 1 Utility . | . . . Weapon 2 | . 1 1 Highest Loss Streak 3 | . 1 3 To Critical Strikes . | . . . Average Backups 12 | 5 12 15 Power 2 | . 2 3 Propulsion 3 | 3 3 3 Utility 3 | . 3 4 Weapon 3 | . 3 5 Tool/Special . | . . . Unused Backups 16 | 4 . 12 Power 2 | . . 2 Propulsion 7 | 4 . 3 Utility 3 | . . 3 Weapon 4 | . . 4 Tool/Special . | . . . Average Slot Usage (%) 99 | . 99 100 Engine 14 | . 14 14 Wheel 28 | . 28 28 Device 14 | . 14 14 Storage 14 | . 14 14 Energy Gun 13 | . 18 . Ballistic Gun 14 | . 9 27 Peak Build Rating 13 | 9 10 13 Average Rating 8 | 7 8 10 On Entrance 5 | . 9 8 Naked Turns . | . . . Heaviest Build 91 | 13 88 91 Greatest Support 20 | 20 20 20 Greatest Overweight (x) 9 | . 4 9 Average Overweight (x) 2 | . 2 4 Largest Inventory Capacity 25 | 8 25 25 Average Capacity 20 | 7 20 25 Most Carried 16 | 8 15 16 Average Carried 12 | 5 12 15 Final Capacity 25 | 8 25 25 Final Carried 16 | 7 15 16 Class Distribution -------------------- 98% | Mutant Dominant Class ---------------- Mutant | -10/Materials Mutant | -10/Mines Resources | -11 -10 -10 ----------- Run | Yrd Mat Min Matter Collected 639 | 270 329 40 Remotely . | . . . Salvage Created 874 | 253 563 58 Parts 52 | 18 28 6 Haulers Intercepted 2 | . 2 . Recyclers Shooed . | . . . Parts Field Recycled . | . . . Retrieved Matter . | . . . Parts Self-Destructed . | . . . Prevented . | . . . Kills | -11 -10 -10 ------- Run | Yrd Mat Min Combat Hostiles Destroyed 15 | . 12 3 Guns 13 | . 10 3 AOE 1 | . 1 . Classes Destroyed 8 | 3 5 . Worker 2 | 2 . . Tunneler 5 | 5 . . Hauler 2 | . 2 . Recycler 1 | 1 . . Operator 2 | . 2 . Watcher 3 | . 3 . Swarmer 9 | . 6 3 Grunt 6 | . 6 . Best Kill Streak 4 | 3 4 3 Combat Bots Only 3 | . 3 3 Max Kills in Single Turn 2 | 1 2 1 Gunslinging 1 | . 1 . Exploded 1 | . 1 . Melee . | . . . Uniques/NPCs Destroyed . | . . . Combat | -11 -10 -10 -------- Run | Yrd Mat Min Hostile Shots Fired 66 | . 45 21 Missed 16 | . 9 7 Hits 50 | . 36 14 Projectile 50 | . 36 14 AOE 10 | . . 10 Damage Taken 786 | 10 418 358 Core 271 | . 112 159 Absorbed by Shields . | . . . Core Remaining (%) 100 | 100 . . Volleys Fired 78 | 18 52 8 Largest 2 | 2 2 2 Hottest 90 | 80 90 40 Shots Fired 152 | 36 102 14 Gun 152 | 36 102 14 Cannon . | . . . Launcher . | . . . Special . | . . . Kinetic 38 | . 24 14 Thermal 9 | . 9 . Explosive . | . . . Electromagnetic 105 | 36 69 . Robot Hit Streak 14 | 7 14 4 Robot Miss Streak 5 | 5 5 1 Penetration Max . | . . . Secondary Targets 3 | . 1 2 Max Gunslinging Chain 1 | . 1 1 Shots Hit Robots 88 | 17 62 9 Core Hits 38 | 9 26 3 Critical Kills . | . . . Critical Parts Destroyed . | . . . Critical Strikes 2 | . 2 . Burn 1 | . 1 . Corrupt 1 | . 1 . Melee Attacks . | . . . Impact . | . . . Slashing . | . . . Piercing . | . . . Sneak Attacks . | . . . Combat Hostiles . | . . . Follow-up Attacks . | . . . Damage Inflicted 1297 | 284 900 113 Guns 1186 | 238 835 113 Cannons . | . . . Explosions 111 | 46 65 . Melee . | . . . Ramming . | . . . Kinetic 292 | . 179 113 Thermal 174 | 46 128 . Explosive . | . . . Electromagnetic 831 | 238 593 . Impact . | . . . Slashing . | . . . Piercing . | . . . Highest Corruption 6 | . 6 6 Average Corruption 5 | . 5 6 Corruption Purged . | . . . Corruption Blocked . | . . . Effects 37 | . 27 10 Message Errors 12 | . 10 2 Matter Fused 10 | . 8 2 Heat Flow Errors 4 | . 3 1 Energy Discharges 2 | . 2 . Data Loss (minor) 5 | . 2 3 Data Loss (major) 2 | . 1 1 Misfires 2 | . 1 1 Overload Shots . | . . . Overflow Damage 6 | 6 . . Projectiles . | . . . Explosions 6 | 6 . . Melee . | . . . Knockbacks . | . . . Impact . | . . . Kinetic . | . . . Secondary . | . . . Self-Inflicted Damage 49 | 10 39 . Shots 2 | 1 1 . Rammed . | . . . Targets Rammed . | . . . Kicked . | . . . Crushed . | . . . Highest Temperature 195 | 76 195 101 Average Temperature 52 | 33 59 51 Received Heat Transfer 111 | . 111 . Siege Activations . | . . . Martial Activations . | . . . Shielding Activations . | . . . Robots Disrupted . | . . . Combat Hostiles . | . . . Robots Corrupted 2 | . 2 . Combat Hostiles 1 | . 1 . Parts Fried 4 | 1 3 . Impact Corruptions . | . . . Robots Melted . | . . . Combat Hostiles . | . . . Parts Melted . | . . . Heat Transferred 359 | 50 309 . Parts Sabotaged . | . . . Parts Stolen . | . . . Parts Stripped . | . . . Power Chain Reactions 3 | 1 2 . Alert | -11 -10 -10 ------- Run | Yrd Mat Min Maximum Alert Level . | . . . Low Security (%) 100 | 100 100 100 Level 1 . | . . . Level 2 . | . . . Level 3 . | . . . Level 4 . | . . . Level 5 . | . . . High Security . | . . . Max Security . | . . . Peak Influence 170 | 15 170 112 Initial 42 | . . 42 Average 50 | 2 65 26 Influence Increases 516 | 40 406 70 Destroy 0b10 Robot/C 300 | . 240 60 Destroy 0b10 Robot/NC 75 | 40 35 . Destroy Leader 70 | . 60 10 Successful Hack 19 | . 19 . Disable Machine 15 | . 15 . Destroy Structure 7 | . 7 . Lose Combat Pursuer 30 | . 30 . Influence Decreases 516 | 40 297 179 Entered New Map 67 | . . 67 Time Decay 439 | 40 287 112 Lost Part 10 | . 10 . Squads Dispatched 2 | . 2 . Investigation . | . . . Extermination . | . . . Reinforcement 2 | . 2 . Assault . | . . . Garrison . | . . . Intercept . | . . . Searches Triggered . | . . . Construction Impeded . | . . . Haulers Reinforced . | . . . Active Scanning Responses . | . . . Cargo Convoy Interrupts . | . . . Stealth | -11 -10 -10 --------- Run | Yrd Mat Min Distress Signals . | . . . Communications Jammed . | . . . Distress Signals . | . . . Times Spotted 24 | . 21 3 Peak Tracking Total 3 | . 3 2 Tactical Retreats 2 | . 2 . Traps | -11 -10 -10 ------- Run | Yrd Mat Min Traps Triggered 4 | . 4 . Indirectly . | . . . Trap Hack Attempts . | . . . Triggered . | . . . Disarmed 6 | . 6 . Reprogrammed . | . . . Reused . | . . . Traps Extracted . | . . . Installed . | . . . Triggered . | . . . Machines | -11 -10 -10 ---------- Run | Yrd Mat Min Machines Disabled 1 | . 1 . Max in Single Turn 1 | . 1 . Machines Repaired . | . . . Machines Dismantled . | . . . Machines Sabotaged . | . . . Overloaded Fab Kills . | . . . Hacking | -11 -10 -10 --------- Run | Yrd Mat Min Machines Accessed 8 | . 8 . Terminals 6 | . 6 . Fabricators . | . . . Repair Stations . | . . . Recycling Units 2 | . 2 . Scanalyzers . | . . . Garrison Access . | . . . Total Hacks 26 | . 26 . Successful 12 | . 12 . Failed 14 | . 14 . Catastrophic 2 | . 2 . Database Lockouts . | . . . Manual 7 | . 7 . Terminals 19 | . 19 . Fabricators . | . . . Repair Stations . | . . . Recycling Units 7 | . 7 . Scanalyzers . | . . . Garrison Access . | . . . Terminal Hacks 8 | . 8 . Prototype ID Bank 2 | . 2 . Emergency Access Points 1 | . 1 . Unreport Threat 1 | . 1 . Locate Traps 2 | . 2 . Disarm Traps 1 | . 1 . Hauler Manifests 1 | . 1 . Fabricator Hacks . | . . . Repair Station Hacks . | . . . Recycling Unit Hacks 3 | . 3 . Report Inventory 2 | . 2 . Retrieve Matter 1 | . 1 . Scanalyzer . | . . . Garrison Access Hacks . | . . . Unauthorized Hacks 1 | . 1 . Terminals . | . . . Fabricators . | . . . Repair Stations . | . . . Recycling Units 1 | . 1 . Recyclers 1 | . 1 . Scanalyzers . | . . . Garrison Access . | . . . Data Cores Recovered . | . . . Used . | . . . Hacking Detections 6 | . 6 . Full Trace Events . | . . . Feedback Events . | . . . Feedback Blocked . | . . . Robot Schematics Acquired . | . . . Robots Built . | . . . Authchips . | . . . Time . | . . . Total Robot Build Rating . | . . . Part Schematics Acquired . | . . . Parts Built . | . . . Authchips . | . . . Time . | . . . Total Part Build Rating . | . . . Parts Repaired . | . . . Time . | . . . Parts Recycled . | . . . Recycled Matter . | . . . Retrieved Matter . | . . . Retrieved Components . | . . . Parts Scanalyzed . | . . . Part Schematics Acquired . | . . . Parts Damaged . | . . . Bothacking | -11 -10 -10 ------------ Run | Yrd Mat Min Used RIF Installer . | . . . Robots Hacked . | . . . Non-combat . | . . . Combat . | . . . Robot Hacks Applied . | . . . Relay Couplers Released . | . . . Fabnet Peak Effective % . | . . . Robots Rewired . | . . . Allies Hacked . | . . . Hacks Repelled . | . . . Allies | -11 -10 -10 -------- Run | Yrd Mat Min Total Allies . | . . . Largest Group . | . . . Highest-Rated Group . | . . . Highest-Rated Ally . | . . . Total Orders . | . . . Ally Attacks . | . . . Total Damage . | . . . Kills . | . . . Allies Corrupted . | . . . Allies Melted . | . . . Intel | -11 -10 -10 ------- Run | Yrd Mat Min Active Infowar (turns) 2073 | 95 1482 496 Sensors 1672 | . 1231 441 Terrain 401 | 95 251 55 Robot Analysis Total . | . . . Derelict Logs Recovered . | . . . Drone Launches . | . . . Drone Recoveries . | . . . Exploration | -11 -10 -10 ------------- Run | Yrd Mat Min Turns Passed 2176 | 198 1482 496 Spaces Moved 1460 | 153 993 314 Core 1 | 1 . . Treads . | . . . Legs . | . . . Wheels 1459 | 152 993 314 Hover . | . . . Flight . | . . . Fastest Speed 50 | 50 80 140 Average Speed 115 | 79 113 140 Slowest Speed 215 | 80 140 215 Overloaded Moves . | . . . Propulsion Burnouts . | . . . Robots Hopped . | . . . Potential Cave-ins . | . . . Cave-ins Triggered . | . . . Exploration Rate (%) 53 | 5 99 56 Regions Visited 2 Branch Regions 1 Pre-discovered Areas . | . . . Known Exits Taken . | . . . Unknown Exits Taken 2 | 1 1 . Scrap Searched . | . . . Spaces Dug . | . . . Terrain Destroyed 9 | 2 6 1 Melee . | . . . Projectile 1 | . . 1 AOE 8 | 2 6 . Terrain Rammed . | . . . Walls Destroyed . | . . . Machines Disabled . | . . . Actions | -11 -10 -10 --------- Run | Yrd Mat Min Total 1791 | 192 1244 355 Wait 204 | . 174 30 Move 1458 | 152 992 314 Hop . | . . . Pick Up 20 | 11 9 . Fast Attach 7 | 7 . . Attach 2 | . 2 . Detach . | . . . Swap 12 | . 9 3 Drop 10 | 4 6 . Fire 78 | 18 52 8 Melee . | . . . Ram . | . . . Kick . | . . . Crush . | . . . Escape Stasis . | . . . Rewire . | . . . Trap . | . . . Miscellaneous . | . . . Route ------- -11/Scrapyard -10/Materials (discovered 6 exits: [*Mat x3] / [*Min x2] / [*Sub]) -10/Mines History --------- Turn | Location | Event 19 | -11/Scrapyard | Discovered new exit (range 15) 199 | -11/Scrapyard | Entered Materials 311 | -10/Materials | Build established: Mutant 388 | -10/Materials | Discovered new exit (range 14) 577 | -10/Materials | Discovered new exit (range 8) 600 | -10/Materials | Discovered new exit (range 16) 811 | -10/Materials | Discovered new exit (range 10) 1327 | -10/Materials | Discovered new exit (range 14) 1431 | -10/Materials | Discovered new exit (range 8) 1681 | -10/Materials | Entered Mines 1856 | -10/Mines | A weapon hastily lodged in a ceiling crevice suddenly fell to the ground 2172 | -10/Mines | Core integrity fell below 50% 2174 | -10/Mines | Core integrity fell below 20% 2177 | -10/Mines | Destroyed by YI-UF0 with YI-UF0's Doublenader Last Messages --------------- 01905_ U-05 Engineer lays Concrete. 01906_ U-05 Engineer builds a Wall. 01908_ T-07 Excavator is excavating. 01910_ U-05 Engineer builds a Wall. 01913_ T-07 Excavator is excavating. 01914_ U-05 Engineer builds a Wall. 01917_ T-07 Excavator is excavating. 01921_ ZI|F0LL6%LU91LTGMIJWBTVJEI2BNTAIXPQL 01921_ T-07 Excavator is excavating. 01955_ System corrupted: Component data lost. 01978_ System corrupted: Matter fused (-10). 02072_ System corrupted: Heat flow error (+121). 02142_ System corrupted: Substantial component data lost. 02171_ Wheel destroyed. 02172_ The unstable cave ceiling collapses. 02175_ Lgt. Ion Engine destroyed. 02177_ The unstable cave ceiling collapses. 02177_ Grenade Launcher destroyed. Map ----- +----------------------------------------------------+ | ?????????????????#### #?# #??# ????????????? | | ????????????????## #?# #??###????????????? | | ???????????????## ??# #?????????????????? | | ???????????????# ??# #?????????????????? | | ???????????????# #??# #?????????????????? | | ???????????????# #??# #?####????????????? | | ?????????????????# #### ### ##???????????? | | ??????????????????# ##??????????? | | ?????????????????## #??????????? | | ????????????????## ###### #??????????? | | ????????????????# ???# #?????????? | | ????????????????# ?## #?????????? | | ????????????????# ?#### ##?????????? | | ???????????????# ########??????????? | | ?????????????## ### # # ? #????????????? | | ???????????? !* #??## g # ? ??????##### | | ????????? ???# !%= # ?????? | | ?????????? #### !! # ###### ? | | ?????????## ## = % #???????? | | ??????????### ???## ##???????? | | ????????????#? ???## ###### #???????? | | ?????????????????#?## ??????## #???????? | | ????????????????????## ##?????## ##??????? | | ?????????????????????# #?????# #??????? | | ????????????# ####### #?????# #??????? | | ????????????# @ #?????## ######### | | ?????????????? ??## #?#????## ##?# | | ??????????????????# #??????## #??# | | ??????????? ??????# #?#?????# #??# | | ??????????????????# ##??????# #??# | | ?????????????????## # ##?????# #??# """ | | ????????????????## ## # #?????# #??# """ | | ??????????????### ####### #?????# #??# """ | | ?????????????## ##?????### #?????# #??# | | ?????????????# #?????#??# ####### #??# """ | | ?????????????# ##????????# #??# """ | | ?????????????# ##?????????# #########??# """ | | ?????????????## #??????????# ############ | | ??????????????####?????#???#?# """ | | ?????????????????????????????############### """ | | ???????????????????????????????????????????# """ | | ??????????????????????????#????????????????# | | ???????????????????????????????????????????####### | | ??????????????????????#?#????????????????????????? | | ????????????????????????#????????????????????????? | | | | | | | | | | | +----------------------------------------------------+ Best States ------------- Heat Dissipation 25 Energy Generation 10 Energy Capacity 125 Matter Stores 300 Matter Capacity 300 Sight Range 16 Robot Scan Range 14 Terrain Scan Range 16 Terrain Scan Density 10 Evasion (%) 44 Item Schematics ----------------- None Robot Schematics ------------------ None Fabricated ------------ Nothing Repaired ---------- Nothing Alien Tech Used ----------------- None Achievements -------------- None Challenges ------------ None Game ------ Seed GunSmallMachine Manual? 0 Play Time 00:15:08 Cumulative 10.0 hours Start 2025.06.02 @ 16:04:54 End 2025.06.02 @ 16:18:02 Sessions 1 Manual Loads 0 Difficulty Rogue Special Mode None Game No. 18 Rogue 18 Adventurer 0 Explorer 0 Win Type - Total 0 Types 0/0/0/0/0/0/0/0/0/0 Lore% 25 Gallery% 14 Achievement% 24 Wizard Run 0 Options --------- Layout 1 ASCII 0 Keyboard 0 Movement Numpad Keybinds 0 Fullscreen 2 Font 24/Smallcaps Map View 50x35 Zoom Use 0% Tactical HUD 1 Map Filters NONE Filters NONE Steam 1 RUN: 36e76cef-c10a-4b46-8530-396d494268e1